 Dungeon Crawl Stone Soup version 0.28-a0-381-g937acc2988 (webtiles) character file.

Game seed: 13458183678884231595

2345 robertstho the Thaumaturge (level 9, -7/62 HPs)
             Began as a Djinni Fire Elementalist on Sept 1, 2021.
             Killed by divine providence
             ... invoked by an orc priest
              (10 damage)
             ... on level 7 of the Dungeon.
             The game lasted 00:08:54 (9348 turns).

robertstho the Thaumaturge (DjFE)                   Turns: 9348, Time: 00:08:54

Health: -7/62      AC:  4    Str:  7    XL:     9   Next: 71%
Gold:   336        EV: 13    Int: 19    God:
                   SH:  0    Dex: 15

rFire   + + +      SeeInvis .   f - +1 dagger (venom)
rCold   x x .      Faith    .   (no shield)
rNeg    . . .      Spirit   .   a - +0 robe
rPois   ∞          Reflect  .   r - +1 helmet
rElec   .          Harm     .   c - scarf {repulsion}
rCorr   .          Rampage  .   (no gloves)
Will    .....                   (boots unavailable)
Stlth   ++........              (no amulet)
HPRegen 0.20/turn               l - ring of fire
MPRegen 0.00/turn               (no ring)

@: flying, very slightly contaminated, repel missiles
A: sickness immunity, fire resistance 2, cold vulnerability 1, float, innate
caster, hp casting, extra vitality 1
a: no special abilities


You were on level 7 of the Dungeon.
You visited 1 branch of the dungeon, and saw 7 of its levels.

You collected 336 gold pieces.

Inventory:

Hand Weapons
 f - a +1 dagger of venom (weapon)
 o - a +2 scimitar of holy wrath
 A - a +0 dagger of draining
Armour
 a - a +0 robe (worn)
 c - a scarf of repulsion (worn)
 r - a +1 helmet (worn)
Jewellery
 l - a ring of fire (left hand)
Wands
 q - a wand of digging (4)
 w - a wand of flame (26)
Scrolls
 b - a scroll of vulnerability {unknown}
 d - a scroll of brand weapon {unknown}
 e - a scroll of noise {unknown}
 g - a scroll of enchant weapon {unknown}
 h - 5 scrolls of identify
 k - a scroll of enchant armour {unknown}
 p - a scroll of holy word {unknown}
 s - a scroll of acquirement {unknown}
 t - a scroll of amnesia {unknown}
 v - 2 scrolls of magic mapping {unknown}
 y - 3 scrolls of teleportation
 z - 2 scrolls of immolation {unknown}
Potions
 i - 2 potions of lignification {unknown}
 m - 2 potions of flight {unknown}
 n - 4 potions of degeneration {unknown}
 u - a potion of berserk rage {unknown}
 x - a potion of might {unknown}
 B - a potion of magic {unknown}


   Skills:
 * Level 4.1 Fighting
 + Level 0.7 Short Blades
 + Level 3.5 Dodging
 + Level 2.9 Stealth
 * Level 8.7 Spellcasting


You had one spell level left.
You knew the following spells:

 Your Spells              Type           Power      Damage    Failure   Level
a - Foxfire               Conj/Fire      100%       2x1d9     1%          1
b - Conjure Flame         Conj/Fire      58%        6-21      1%          3
c - Inner Flame           Hex/Fire       58%        N/A       1%          3
d - Sticky Flame          Conj/Fire      58%        2d7       2%          4
e - Fireball              Conj/Fire      29%        3d13      6%          5
f - Freeze                Ice            100%       1d11      1%          1
g - Poisonous Vapours     Pois/Air       82%        N/A       1%          2
h - Passwall              Tmut/Erth      34%        N/A       1%          2
i - Teleport Other        Tloc           41%        N/A       1%          3
Your spell library was empty.

Dungeon Overview and Level Annotations

Branches:
Dungeon (7/15)             Temple (0/1) D:7

Altars:
Dithmenos
Hepliaklqana
Kikubaaqudgha
Okawaru
Uskayaw

Annotations:
D:7 Joseph


Innate Abilities, Weirdness & Mutations

You are immune to sickness and miasma.
You are immune to poison.
Your flesh is very heat resistant. (rF++)
You are vulnerable to cold. (rC-)
You float through the air rather than walking.
You learn spells naturally, not from books.
Your magical power is your life essence.
You have superior vitality. (+4 HP)


Message History

The orc priest is covered in liquid flames!
The orc priest burns!
The orc priest hits you with a +0 hand axe.
The orc priest calls upon Beogh to heal the orc priest.
The orc priest is healed somewhat.
The orc priest burns!
The orc priest casts a cantrip, but nothing happens.
Casting: Sticky Flame (dangerous; 2% risk of failure)
Confirm with . or Enter, or press ? or * to list all spells.
Aiming: Fireball (dangerous; 7% risk of failure)
Press: ? - help, Shift-Dir - straight line, f/p - orc priest
Aim: an orc priest, wielding a +0 hand axe (heavily wounded, covered in liquid flames)
You feel a surge of power!
You miscast Fireball.
You are very lightly contaminated with residual magic.
Nothing appears to happen.
The orc priest burns!
The orc priest looks braver for a moment.
Unknown command.
The orc priest burns!
The orc priest invokes the aid of Beogh against you.
Beogh smites you!
* * * LOW HITPOINT WARNING * * *
You feel better.
The orc priest burns!
You kill the orc priest!
You feel better.
Joseph hits you with a +1 quarterstaff of speed!
As you read the scroll labelled ILAUQA SOEGANE, it crumbles to dust.
It is a scroll of identify.
y - 3 scrolls of teleportation Joseph hits you with a +1 quarterstaff of speed.
* * * LOW HITPOINT WARNING * * *
You feel better. Joseph closely misses you.
The orc priest looks encouraged for a moment.
Joseph hits you with a +1 quarterstaff of speed!!
* * * LOW HITPOINT WARNING * * *
You feel better.
Joseph hits you with a +1 quarterstaff of speed!
* * * LOW HITPOINT WARNING * * *
The orc priest invokes the aid of Beogh against you.
Beogh smites you!
You die...

......#
####..## ##..#
##.### ##
#...#### ..#
#.#....### #.#
#..####...####
#).# #.##
###....###..#
.. ####@@o...#
#.. ####..##
#.#
#..........#
..
#...........#
##...........#
#.....($....#
#...$.......#
###>........#
###......##


You could see Joseph and an orc priest.

Vanquished Creatures
  A steam dragon (D:4)
  A water moccasin (D:4)
  Duvessa (D:5)
  A black bear (D:6)
  A necrophage (D:5)
  4 ogres
  2 centaurs (D:7)
  3 phantoms
  2 bullfrogs
  A scorpion (D:5)
  A wyvern zombie (D:7)
  Dowan (D:5)
  2 hounds
  5 orc priests
  A bullfrog skeleton (D:5)
  3 centaur skeletons
  5 iguanas
  6 orc wizards
  A hound skeleton (D:4)
  Robin (D:3)
  7 adders
  2 shadow imps
  A white imp (D:5)
  An ufetubus (D:4)
  An adder skeleton (D:4)
  2 worms (D:2)
  6 orcs
  7 ball pythons
  3 endoplasms
  7 giant cockroaches
  10 goblins
  12 hobgoblins
  5 jackals
  11 kobolds
  5 quokkas
  6 bats
  6 frilled lizards
  8 rats
143 creatures vanquished.

Vanquished Creatures (collateral kills)
  A foxfire (D:3)
1 creature vanquished.

Vanquished Creatures (others)
  747 foxfires
747 creatures vanquished.

Grand Total: 891 creatures vanquished

Notes
Turn   | Place    | Note
-------+----------+-------------------------------------------
     0 | D:1      | robertstho the Djinni Fire Elementalist began the quest for
                  | the Orb.
     0 | D:1      | Reached XP level 1. HP: 15/15 MP: 0/0
   216 | D:1      | Reached XP level 2. HP: 15/22 MP: 0/0
   880 | D:1      | Reached skill level 3 in Spellcasting
   944 | D:1      | Reached XP level 3. HP: 20/26 MP: 0/0
   944 | D:1      | Learned a level 1 spell: Freeze
  1217 | D:1      | Found a faded altar of an unknown god.
  2196 | D:2      | Found a hide-covered altar of Uskayaw.
  2347 | D:2      | Reached XP level 4. HP: 26/31 MP: 0/0
  2553 | D:2      | Reached skill level 1 in Fighting
  3663 | D:3      | Found an iron altar of Okawaru.
  4230 | D:3      | Reached XP level 5. HP: 36/37 MP: 0/0
  4230 | D:3      | Learned a level 2 spell: Poisonous Vapours
  4359 | D:3      | Noticed Robin
  4365 | D:3      | Killed Robin
  4572 | D:3      | Found a hazy altar of Hepliaklqana.
  4573 | D:3      | Found a shadowy altar of Dithmenos.
  4574 | D:3      | Noticed a shadow
  4615 | D:4      | Noticed an ogre
  4619 | D:4      | Killed an ogre
  4620 | D:4      | Reached skill level 4 in Spellcasting
  4620 | D:4      | Reached XP level 6. HP: 34/43 MP: 0/0
  4693 | D:4      | Noticed a water moccasin
  4709 | D:4      | Killed a water moccasin
  4962 | D:4      | Reached skill level 5 in Spellcasting
  4962 | D:4      | Reached XP level 7. HP: 41/49 MP: 0/0
  4962 | D:4      | Learned a level 2 spell: Passwall
  5772 | D:4      | Noticed a steam dragon
  5782 | D:4      | Killed a steam dragon
  5783 | D:4      | Reached skill level 6 in Spellcasting
  5783 | D:4      | Reached XP level 8. HP: 37/56 MP: 0/0
  6413 | D:5      | Entered Level 5 of the Dungeon
  6880 | D:5      | Noticed Duvessa
  6887 | D:5      | Killed Duvessa
  6888 | D:5      | Reached skill level 7 in Spellcasting
  6888 | D:5      | Noticed Dowan
  6891 | D:5      | Killed Dowan
  7077 | D:5      | Reached XP level 9. HP: 55/61 MP: 0/0
  7077 | D:5      | Learned a level 3 spell: Teleport Other
  8235 | D:6      | Reached skill level 8 in Spellcasting
  9274 | D:7      | Found a staircase to the Ecumenical Temple.
  9338 | D:7      | Noticed Joseph
  9348 | D:7      | HP: 3/62 [Joseph (12)]
  9348 | D:7      | Killed from afar by an orc priest

Illustrated notes

Levels and vault maps discovered:
D:1:      wander_arrival_peaceful_grave, layout_basic,
          dilly_ecumenical_altar_fadedgnrine, hangedman_decor_push,
          kennysheep_doodads, minmay_misc_feat_iff
D:2:      layout_loops_ring, basic_altar
D:3:      layout_rooms, mainiacjoe_overflow_boulevard,
          riverfiend_overflow_shadow_ancestor, uniq_robin
D:4:      mumra_celtic_spiral_tile, layout_cave_pods, kennysheep_mini
D:5:      layout_basic, roderic_serpentine_path, uniq_duvessa
D:6:      layout_loops_ring
D:7:      layout_cave_pods, minmay_temple_entry_statues_fountains, minivault_5,
          uniq_joseph, uniq_crazy_yiuf_cottage

Skill      XL: |  1  2  3  4  5  6  7  8  9 |
---------------+----------------------------+-----
Spellcasting   | 3 4 5 6 7 8 |  8.7
Fighting       | 1 2 3 4 |  4.1
Stealth        | 2 |  2.9
Dodging        | 3 |  3.5
Short Blades   | |  0.7

Action                   |  1- 3 |  4- 6 |  7- 9 || total
-------------------------+-------+-------+-------++-------
Melee: Dagger            |     5 |    12 |    17 ||    34
 Cast: Foxfire           |    94 |   147 |   209 ||   450
       Sticky Flame      |       |       |    18 ||    18
  Use: Potion            |       |       |     5 ||     5
       Scroll            |       |       |     1 ||     1
Armor: Robe              |     1 |    12 |    11 ||    24
Dodge: Dodged            |     4 |    35 |    34 ||    73

Table legend: (Time is in decaauts)
 A = Elapsed time spent in this place.
 B = Non-inter-level travel time spent in this place.
 C = Inter-level travel time spent in this place.
 D = Time resting spent in this place.
 E = Time spent auto-exploring this place.
 F = Levels seen in this place.
 G = Mean time per level.
                   A        B        C        D        E       F      G
               +--------+--------+--------+--------+--------+-----+--------+
         Total |   9345 |   9017 |    328 |    274 |   7746 |   7 | 1335.0 |
       Dungeon |   9345 |   9017 |    328 |    274 |   7746 |   7 | 1335.0 |
               +--------+--------+--------+--------+--------+-----+--------+

Top non-repeatable levels by time:
     D:1: 2195 daAuts
     D:4: 1556 daAuts
     D:2: 1466 daAuts
     D:5: 1239 daAuts
     D:3: 1209 daAuts
     D:6: 862 daAuts
     D:7: 816 daAuts
